 Dungeon Crawl Stone Soup version 0.17.1-3-g152610e (webtiles) character file.

15374 Chiseanne the Spry (level 12, -7/67 HPs)
             Began as a Spriggan Assassin on Mar 3, 2016.
             Was an Initiate of Gozag.
             Mangled by a komodo dragon (shapeshifter) (28 damage)
             ... on level 12 of the Dungeon.
             The game lasted 00:50:04 (16734 turns).

Chiseanne the Spry (Spriggan Assassin)             Turns: 16734, Time: 00:50:04

Health: -7/67      AC:  6    Str:  7    XL:     12   Next: 0%
Magic:  13/13      EV: 37    Int: 13    God:    Gozag
Gold:   345        SH:  6    Dex: 22    Spells: 1 memorised, 10 levels left

rFire  . . .     SeeInvis +     f - +8 whip (elec)
rCold  . . .     Clarity  .     U - +2 robe {MR+}
rNeg   . . .     SustAt   .     V - +0 buckler
rPois  +         Gourm    .     T - +0 hat
rElec  .         Spirit   .     M - +1 cloak
rCorr  +         Warding  .     (gloves unavailable)
rMut   .         Stasis   .     (boots unavailable)
MR     +++..                    r - amulet of resist corrosion
Stlth  ++++++....               (no ring)
                                c - ring of poison resistance

@: very quick, extremely resistant to hostile enchantments, very stealthy
A: unfitting armour, hooves 1, see invisible, herbivore 3, speed 3, slow
metabolism 2
a: Potion Petition, Call Merchant, Bribe Branch, Renounce Religion


You were on level 12 of the Dungeon.
You worshipped Gozag.
Gozag was noncommittal.
You were hungry.

You visited 2 branches of the dungeon, and saw 14 of its levels.

You collected 2549 gold pieces.
You spent 1435 gold pieces at shops.
You paid 769 gold pieces to Gozag.

Inventory:

Hand Weapons
 a - the +8 short sword "Qidd" {pierce, rF+ rC- MR+}
   (You bought it in a shop on level 11 of the Dungeon)

   It inflicts extra damage upon your enemies.
   It protects you from fire.
   It makes you vulnerable to cold.
   It affects your resistance to hostile enchantments.
 d - a +2 short sword of venom
 f - a +8 whip of electrocution (weapon)
 s - a +2 dagger of protection
 w - a +0 blowgun
Missiles
 e - a poisoned tomahawk
 j - 100 sling bullets
 k - 5 tomahawks (quivered)
 p - 3 needles of frenzy
 A - 15 poisoned needles
 B - 13 silver sling bullets
 G - 72 bolts
 H - 8 steel sling bullets
 O - a tomahawk of dispersal
 R - a throwing net
Armour
 M - a +1 cloak (worn)
 T - a +0 hat (worn)
 U - a +2 robe of magic resistance (worn)
 V - a +0 buckler (worn)
Jewellery
 c - a ring of poison resistance (left hand)
 r - an amulet of resist corrosion (around neck)
Wands
 C - a wand of confusion (26)
 I - a wand of invisibility (4)
 J - a wand of paralysis (13)
Scrolls
 b - 4 scrolls of fear
 l - 3 scrolls of recharging
 q - a scroll of enchant armour
 v - 2 scrolls of immolation
 D - 10 scrolls of teleportation
 E - 2 scrolls of magic mapping
 K - 2 scrolls of amnesia
 L - a scroll of fog
 N - 3 scrolls of remove curse
Potions
 h - 2 potions of ambrosia
 i - a potion of invisibility {unknown}
 m - 4 potions of lignification
 n - 2 potions of might
 o - a potion of brilliance
 t - a potion of resistance
 u - a potion of haste
 W - a potion of cancellation
Books
 y - a Young Poisoner's Handbook

   Spells                             Type                      Level
   a - Sting                          Conjuration/Poison           1
   b - Cure Poison                    Poison                       2
   c - Mephitic Cloud                 Conjuration/Poison/Air       3
   d - Olgreb's Toxic Radiance        Poison                       4
   e - Venom Bolt                     Conjuration/Poison           5
 z - a book of Debilitation

   Spells                             Type                      Level
   a - Corona                         Hexes                        1
   b - Slow                           Hexes                        2
   c - Gell's Gravitas                Hexes/Translocation          3
   d - Inner Flame                    Hexes/Fire                   3
   e - Cause Fear                     Hexes                        4
   f - Leda's Liquefaction            Hexes/Earth                  4
 F - a Necronomicon

   Spells                             Type                      Level
   a - Haunt                          Necromancy/Summoning         7
   b - Borgnjor's Revivification      Necromancy                   8
   c - Death's Door                   Charms/Necromancy            8
   d - Necromutation                  Transmutation/Necromancy     8
 S - a book of Fire

   Spells                             Type                      Level
   a - Ignite Poison                  Fire/Transmutation/Poison    3
   b - Fireball                       Conjuration/Fire             5
   c - Bolt of Fire                   Conjuration/Fire             6
   d - Delayed Fireball               Conjuration/Fire             7
   e - Ring of Flames                 Charms/Fire                  7
Comestibles
 g - 8 bread rations


   Skills:
 - Level 10.0 Fighting
 - Level 2.1 Short Blades
 - Level 2.0 Throwing
 * Level 18.9 Dodging
 - Level 11.0 Stealth
 * Level 0.9 Shields


You had 10 spell levels left.
You knew the following spells:

 Your Spells              Type           Power        Failure   Level  Hunger
a - Apportation           Tloc           #.........   50%         1    ##.....


Dungeon Overview and Level Annotations

Branches:
Dungeon (13/15)            Temple (1/1) D:6            Lair (0/8) D:9
    Orc (0/4) D:12
 Vaults: D:13-14

Altars:
Ashenzari
Cheibriados
Dithmenos
Elyvilon
Fedhas
Gozag
Kikubaaqudgha
Makhleb
Nemelex Xobeh
Okawaru
Qazlal
Ru
Sif Muna
Trog
Vehumet
Xom
Yredelemnul
Zin
The Shining One

Shops:
D:6 }   D:11 =(

Portals:
Trove: D:11 (give 19 scrolls of identify)


Innate Abilities, Weirdness & Mutations

You are tiny and cannot use many weapons and most armour.
You have supernaturally acute eyesight.
You are a herbivore.
You cover ground extremely quickly.
You need consume almost no food.
You have large cloven feet.


Message History

You closely miss the komodo dragon.
The komodo dragon is heavily wounded.
The komodo dragon closely misses you.
You completely miss the komodo dragon.
You kick the komodo dragon, but do no damage.
The komodo dragon is heavily wounded.
The komodo dragon misses you.
You whack the komodo dragon!
You kick the komodo dragon, but do no damage.
The komodo dragon is severely wounded.
The komodo dragon misses you.
You hit the komodo dragon but do no damage.
The komodo dragon is severely wounded.
The komodo dragon bites you!!
* * * LOW HITPOINT WARNING * * *
You barely miss the komodo dragon.
The komodo dragon is severely wounded.
The komodo dragon bites you!!
You die...
Your body crumbles into a pile of gold.

#.....#..).............#.....#...
#######.........[).....##'##.##..
.........#'########........#.##..
.........#........#........#.....
.........#....>...#........#.....
.........#........#........#.....
......(..##.(##..##........#.##..
###......(#(.###l#....##)########
..#.......#.....@#....#(..#
..#.......'......#....#...#
..'.....).#......#...[[...#
..#.....(.######'#....#######
#.###........##..##.........#
....#........#....#.........#
....#........#....#.........#
....#........#....#.........#
#'###........###..#.........#####


You could see a komodo dragon shaped shifter.

Vanquished Creatures
  A hydra (D:11)
  A centaur warrior (D:12)
  Nergalle (D:12)
  An unseen horror (D:11)
  Pikel (D:6)
  A manticore (D:12)
  A gargoyle (D:12)
  Psyche (D:9)
  A centaur skeleton (D:12)
  3 trolls (D:12)
  A two-headed ogre (D:8)
  Prince Ribbit (D:7)
  A trapdoor spider (D:11)
  2 wyverns
  3 water elementals (D:13)
  A steam dragon (D:11)
  14 yaks
  A basilisk (D:12)
  A basilisk (shapeshifter) (D:9)
  A hippogriff (D:12)
  Menkaure (D:7)
  2 hungry ghosts
  4 ice beasts
  3 black bears
  9 ogres
  4 orc warriors
  5 sky beasts
  A necrophage (D:7)
  A slave (D:6)
  4 centaurs
  3 giant frogs
  A wyvern zombie (D:9)
  5 big kobolds
  A wyvern skeleton (D:7)
  A water moccasin zombie (D:7)
  5 scorpions
  11 killer bees
  17 wights
  3 electric eels
  5 giant frog zombies
  5 crimson imps
  2 centaur zombies (D:5)
  A quasit (D:11)
  A gnoll shaman (D:6)
  3 jellies
  3 giant frog skeletons
  4 hounds
  4 iguanas
  6 orc priests
  Jessica (D:2)
  5 worker ants
  Terence (D:2)
  Natasha (twice) (D:2)
  7 orc wizards
  A hound zombie (D:5)
  3 worker ant zombies (D:5)
  3 gnolls (D:6)
  6 adders
  A shadow imp (D:12)
  2 oozes
  2 adder zombies (D:5)
  4 worms
  8 giant geckos
  42 orcs
  8 goblins
  3 hobgoblins
  16 jackals
  2 bats (D:2)
  5 giant cockroaches
  2 giant cockroach zombies (D:5)
  2 giant gecko skeletons
  2 giant gecko zombies (D:5)
  5 giant newts
  A jackal zombie (D:5)
  48 kobolds
  3 quokkas
  A quokka skeleton (D:4)
  6 rats
  3 fungi
  4 plants (D:6)
352 creatures vanquished.

Vanquished Creatures (collateral kills)
  A slave (D:6)
  A worker ant zombie (D:4)
  2 orcs (D:4)
4 creatures vanquished.

Grand Total: 356 creatures vanquished

Notes
Turn   | Place    | Note
--------------------------------------------------------------
     0 | D:1      | Chiseanne the Spriggan Assassin began the quest for the Orb.
     0 | D:1      | Reached XP level 1. HP: 10/10 MP: 2/2
    87 | D:1      | Reached skill level 6 in Stealth
   112 | D:1      | Reached XP level 2. HP: 8/14 MP: 3/3
   755 | D:1      | Reached XP level 3. HP: 15/18 MP: 4/4
  1133 | D:2      | Noticed Natasha
  1140 | D:2      | Killed Natasha
  1161 | D:2      | Reached XP level 4. HP: 20/22 MP: 5/5
  1343 | D:2      | Noticed Jessica
  1367 | D:2      | Killed Jessica
  1367 | D:2      | Reached skill level 5 in Dodging
  1367 | D:2      | Reached skill level 7 in Stealth
  1432 | D:2      | Noticed Terence
  1448 | D:2      | Killed Terence
  1624 | D:2      | Reached XP level 5. HP: 22/25 MP: 6/6
  1676 | D:2      | Noticed Natasha
  1685 | D:2      | Killed Natasha
  2314 | D:3      | You fall through a shaft for 2 floors!
  2314 | D:5      | Entered Level 5 of the Dungeon
  2338 | D:5      | Found a glowing silver altar of Zin.
  2339 | D:5      | Found an iron altar of Okawaru.
  2340 | D:5      | Found a basalt altar of Yredelemnul.
  2489 | D:5      | Noticed an ogre
  2492 | D:5      | Found a radiant altar of Vehumet.
  2497 | D:5      | Killed an ogre
  2497 | D:5      | Reached skill level 8 in Stealth
  2497 | D:5      | Reached XP level 6. HP: 30/30 MP: 7/7
  2539 | D:5      | Found a sparkling altar of Nemelex Xobeh.
  2662 | D:5      | Noticed a sky beast
  2693 | D:5      | Killed a sky beast
  3128 | D:4      | Reached skill level 9 in Dodging
  3128 | D:4      | Reached XP level 7. HP: 22/33 MP: 8/8
  3568 | D:4      | Found a bloodstained altar of Trog.
  3903 | D:4      | Reached skill level 10 in Dodging
  4698 | D:5      | Reached XP level 8. HP: 37/37 MP: 9/9
  4743 | D:5      | Reached skill level 10 in Stealth
  4972 | D:6      | Reached skill level 11 in Dodging
  5081 | D:6      | Found a staircase to the Ecumenical Temple.
  5152 | Temple   | Entered the Ecumenical Temple
  5601 | D:6      | Found an opulent altar of Gozag.
  5609 | D:6      | Became a worshipper of Gozag Ym Sagoz the Greedy
  5645 | D:6      | Found a blossoming altar of Fedhas.
  5771 | D:6      | Noticed Pikel
  5791 | D:6      | Killed Pikel
  5791 | D:6      | Reached skill level 12 in Dodging
  5973 | D:6      | Found Eklev's Gadget Shop.
  6545 | D:6      | Found a shadowy altar of Dithmenos.
  6911 | D:7      | Found a shimmering altar of Xom.
  6915 | D:7      | Noticed Prince Ribbit
  6938 | D:7      | Killed Prince Ribbit
  6938 | D:7      | Reached skill level 13 in Dodging
  6938 | D:7      | Reached XP level 9. HP: 42/44 MP: 10/10
  7145 | D:7      | Noticed Menkaure
  7150 | D:7      | Killed Menkaure
  7157 | D:7      | Found a deep blue altar of Sif Muna.
  7283 | D:7      | Learned a level 1 spell: Apportation
  7578 | D:7      | Found a glowing golden altar of the Shining One.
  7725 | D:7      | Found a white marble altar of Elyvilon.
  7847 | D:8      | Reached skill level 14 in Dodging
  7902 | D:8      | Reached skill level 5 in Fighting
  8276 | D:8      | Found a sparkling altar of Nemelex Xobeh.
  8319 | D:8      | Found Ohilufeb's Magic Scroll Shoppe.
  8352 | D:8      | Bought 2 scrolls of identify for 48 gold pieces
  8352 | D:8      | Bought a scroll of teleportation for 36 gold pieces
  8352 | D:8      | Bought a scroll of amnesia for 42 gold pieces
  8352 | D:8      | Bought a scroll of fog for 24 gold pieces
  8352 | D:8      | Bought a scroll of enchant weapon for 90 gold pieces
  8352 | D:8      | Bought a scroll of identify for 24 gold pieces
  8352 | D:8      | Bought a scroll of identify for 24 gold pieces
  8352 | D:8      | Bought a scroll of magic mapping for 42 gold pieces
  8352 | D:8      | Bought a scroll of remove curse for 36 gold pieces
  8741 | D:9      | Found a staircase to the Lair.
  8957 | D:9      | Reached XP level 10. HP: 53/53 MP: 11/11
  9017 | D:9      | Reached skill level 15 in Dodging
  9180 | D:9      | Noticed Psyche
  9183 | D:9      | Gained mutation: You have large cloven feet. [potion of beneficial mutation]
  9320 | D:9      | Killed Psyche
  9674 | D:10     | Entered Level 10 of the Dungeon
 10251 | D:11     | Bought a cursed -5 ring of evasion for 32 gold pieces
 10251 | D:11     | Bought a cursed amulet of inaccuracy for 32 gold pieces
 10439 | D:11     | Reached skill level 16 in Dodging
 10479 | D:11     | Found Bung's Weapon Emporium.
 10659 | D:11     | Found a portal to a secret trove of treasure.
 10659 | D:11     | Noticed an unseen horror
 10678 | D:11     | Killed an unseen horror
 11210 | D:11     | Noticed a seven-headed hydra
 11217 | D:11     | Killed a seven-headed hydra
 11217 | D:11     | Reached skill level 17 in Dodging
 11217 | D:11     | Reached XP level 11. HP: 60/60 MP: 12/12
 11930 | D:12     | Found a staircase to the Orcish Mines.
 11947 | D:12     | Noticed Nergalle
 11972 | D:12     | Killed Nergalle
 13084 | D:11     | Bought the +8 short sword "Qidd" {pierce, rF+ rC- MR+} for 685 gold pieces
 13435 | D:12     | Noticed a centaur warrior
 13452 | D:12     | Killed a centaur warrior
 13452 | D:12     | Reached skill level 18 in Dodging
 14990 | D:11     | Bought an uncursed ring of poison resistance for 320 gold pieces
 15112 | D:13     | Reached skill level 10 in Fighting
 15119 | D:13     | HP: 1/63 [drowned by a water elemental (6)]
 16726 | D:12     | Reached XP level 12. HP: 64/67 MP: 13/13
 16734 | D:12     | Mangled by a komodo dragon (shapeshifter)

Action                   |  1- 3 |  4- 6 |  7- 9 | 10-12 || total
-------------------------+-------+-------+-------+-------++-------
Melee: Dagger            |   147 |   165 |   464 |   102 ||   878
       Whip              |       |       |   200 |   373 ||   573
       War axe           |       |       |     7 |       ||     7
       Short sword       |       |       |       |   142 ||   142
 Fire: Blowgun           |       |    38 |    25 |     3 ||    66
Throw: Tomahawk          |       |       |    10 |     3 ||    13
Invok: Call Merchant     |       |       |       |     1 ||     1
Evoke: Wand              |       |       |     4 |     1 ||     5
  Use: Scroll            |     5 |     7 |    11 |    13 ||    36
       Potion            |       |       |       |     2 ||     2
 Stab: Sleeping          |     7 |     8 |    36 |    35 ||    86
       Distracted        |       |     1 |     3 |     9 ||    13
       Confused          |       |       |     2 |       ||     2
  Eat: Pizza             |       |       |     2 |     1 ||     3
       Bread ration      |       |       |     1 |     1 ||     2
       Fruit             |       |       |       |     2 ||     2
